 Dungeon Sprint DCSS version 0.30-a0-177-g1cb5dbfd7a (webtiles) character file.

Game seed: 11575364757137126996

725 wilfster70 the Spear-Bearer (level 7, 0/62 HPs)
             Began as a Demonspawn Fighter on Oct 3, 2022.
             Was an Initiate of Gozag.
             Slain by a catoblepas (3 damage)
             ... while petrified by a catoblepas
             ... in the Dungeon (Sprint IX: "|||||||||||||||||||||||||||||").
             The game lasted 00:02:13 (329 turns).

wilfster70 the Spear-Bearer (Demonspawn Fighter)     Turns: 329, Time: 00:02:14

Health: 0/62       AC: 14    Str: 18    XL:     7   Next: 43%
Magic:  7/7        EV:  2    Int: 10    God:    Gozag
Gold:   369        SH:  0    Dex: 15    Spells: 6/6 levels left

rFire   . . .      SeeInvis .    a - +0 trident
rCold   . . .      Faith    .    c - +0 buckler
rNeg    + + +      Spirit   .    o - +0 plate armour
rPois   ∞          Reflect  .    (helmet restricted)
rElec   .          Harm     .    (no cloak)
rCorr   .          Rampage  .    (no gloves)
Will    .....      NoTele   +    n - +0 pair of boots
Stlth   ..........               (no amulet)
HPRegen 0.30/turn                b - +2 ring of evasion
MPRegen 0.20/turn                p - +3 ring of dexterity

@: mighty, petrified
A: claws 1, horns 1, powered by pain 1, magic regeneration, weakness stinger 1
a: Renounce Religion, Potion Petition, Call Merchant, Bribe Branch


You were in the Dungeon.
You worshipped Gozag.
Gozag was aware of your devotion.
You visited 1 branch You collected 369 gold pieces.

Inventory:

Hand Weapons
 a - a +0 trident (weapon)
Armour
 c - a +0 buckler (worn)
 m - a +0 helmet
 n - a +0 pair of boots (worn)
 o - a +0 plate armour (worn)
Jewellery
 b - a +2 ring of evasion (left claw)
 p - a +3 ring of dexterity (right claw)
Wands
 l - a wand of light (10)
Scrolls
 j - 2 scrolls of blinking
 k - 2 scrolls of amnesia
Potions
 e - 5 potions of curing
 f - 3 potions of heal wounds
 g - a potion of haste
 h - 4 potions of magic
 i - a potion of invisibility


   Skills:
 + Level 8.1 Fighting
 * Level 10.1 Polearms
 + Level 7.3 Armour
 + Level 4.9 Dodging
 - Level 4.0 Shields


You had 6 spell levels left.
You didn't know any spells.
Your spell library was empty.

Dungeon Overview and Level Annotations

Branches:
Dungeon (1/1)

Altars:
Cheibriados
Dithmenos
Fedhas
Gozag
Hepliaklqana
Kikubaaqudgha
Makhleb
Nemelex Xobeh
Okawaru
Qazlal
Ru
Sif Muna
Trog
Uskayaw
Vehumet
Wu Jian
Xom
Yredelemnul
Jiyva
Lugonu


Innate Abilities, Weirdness & Mutations

You have sharp fingernails.
You have a pair of small horns on your head.
You sometimes gain a little power by taking damage.
You regenerate magic rapidly.
You have a small tail.


Message History

The catoblepas gores you!! The catoblepas gores you.
The kobold demonologist casts a spell.
The catoblepas gores you!!
* * * LOW HITPOINT WARNING * * *
The catoblepas gores you but does no damage.
The catoblepas breathes a plume of calcifying dust at you.
The blast of calcifying dust hits you but does no damage.
You turn to flesh and can move again.
You puncture the catoblepas! You tail-slap the catoblepas!
The catoblepas is moderately wounded.
You are engulfed in calcifying dust.
You are slowing down.
The catoblepas completely misses you.
Unknown command.
You puncture the catoblepas!
The catoblepas is heavily wounded.
You are engulfed in calcifying dust.
Your limbs have turned to stone.
The catoblepas closely misses you.
You have turned to stone.
You are engulfed in calcifying dust.
The catoblepas breathes a plume of calcifying dust at you.
The blast of calcifying dust hits you.
* * * LOW HITPOINT WARNING * * *
You are engulfed in calcifying dust.
The catoblepas gores you.
* * * LOW HITPOINT WARNING * * *
The catoblepas gores you!
* * * LOW HITPOINT WARNING * * *
The tengu conjurer gestures wildly while chanting.
The tengu conjurer conjures a globe of magical energy!
The kobold demonologist gestures wildly while chanting.
The catoblepas gores you!
* * * LOW HITPOINT WARNING * * *
A battlesphere comes into view.
The kobold demonologist mumbles some strange words.
The catoblepas breathes a plume of calcifying dust at you.
The blast of calcifying dust hits you.
* * * LOW HITPOINT WARNING * * *
You are engulfed in calcifying dust.
The catoblepas gores you.
You die...
Your body crumbles into a pile of gold. $$$$$ $ $ $ $$$$$ $ ▓▓▓▓▓▓▓▓▓▓▓▓▓▓▓▓▓▓▓▓▓▓▓▓ *DQ9KuY@§§).)'..[...)..' ▓▓▓▓▓▓▓▓▓▓▓▓▓▓▓▓▓▓▓▓▓▓▓▓

You could see a catoblepas, a cyan ugly thing, a kobold demonologist, a tengu conjurer, an acid dragon, a gargoyle and a battlesphere (distracted).

Vanquished Creatures
  A hornet (D)
  A wyvern (D)
  An ogre (D)
  A kobold brigand (D)
  A gnoll sergeant (D)
  A killer bee (D)
  A howler monkey (D)
  A hound (D)
  An iguana (D)
  A gnoll (D)
  An adder (D)
  A hobgoblin (D)
  A quokka (D)
  A bat (D)
  A frilled lizard (D)
  A kobold (D)
16 creatures vanquished.

Notes
Turn   | Place    | Note
-------+----------+-------------------------------------------
     0 | D        | wilfster70 the Demonspawn Fighter began the quest for the
                  | Orb.
     0 | D        | Reached XP level 1. HP: 18/18 MP: 1/1
     6 | D        | Reached skill level 2 in Polearms
    27 | D        | Noticed a hound
    27 | D        | Noticed an ogre
    27 | D        | Noticed an iguana
    31 | D        | Killed an iguana
    32 | D        | Reached skill level 3 in Polearms
    32 | D        | Gained mutation: You sometimes gain a little power by
                  | taking damage. [demonic ancestry]
    32 | D        | Reached XP level 2. HP: 25/25 MP: 2/2
    32 | D        | Discovered your monstrous ancestry.
    32 | D        | Gained mutation: You have a small tail. [demonic ancestry]
    32 | D        | Reached XP level 3. HP: 30/30 MP: 3/3
    33 | D        | Reached skill level 4 in Polearms
    36 | D        | Killed an ogre
    37 | D        | Reached skill level 5 in Fighting
    37 | D        | Reached skill level 6 in Polearms
    37 | D        | Reached XP level 4. HP: 39/39 MP: 4/4
    38 | D        | Gained mutation: You have sharp fingernails. [demonic
                  | ancestry]
    38 | D        | Reached XP level 5. HP: 44/44 MP: 5/5
    41 | D        | Reached skill level 7 in Polearms
    41 | D        | Reached skill level 5 in Armour
    85 | D        | Found a snail-covered altar of Cheibriados.
    85 | D        | Found a shadowy altar of Dithmenos.
    85 | D        | Found a blossoming altar of Fedhas.
    85 | D        | Found an opulent altar of Gozag.
    86 | D        | Found a hazy altar of Hepliaklqana.
    87 | D        | Found a viscous altar of Jiyva.
    88 | D        | Found an ancient bone altar of Kikubaaqudgha.
    89 | D        | Found a corrupted altar of Lugonu.
    90 | D        | Found a burning altar of Makhleb.
    91 | D        | Found a sparkling altar of Nemelex Xobeh.
    92 | D        | Found an iron altar of Okawaru.
    93 | D        | Became a worshipper of Gozag Ym Sagoz the Greedy
    94 | D        | Found a stormy altar of Qazlal.
    95 | D        | Found a sacrificial altar of Ru.
    96 | D        | Found a shimmering blue altar of Sif Muna.
    97 | D        | Found a bloodstained altar of Trog.
    98 | D        | Found a hide-covered altar of Uskayaw.
    99 | D        | Found a radiant altar of Vehumet.
   100 | D        | Found an ornate altar of the Wu Jian Council.
   101 | D        | Found a shimmering altar of Xom.
   102 | D        | Found a basalt altar of Yredelemnul.
   154 | D        | Noticed a hornet
   154 | D        | Noticed a wyvern
   158 | D        | Killed a wyvern
   159 | D        | Reached skill level 8 in Polearms
   159 | D        | Gained mutation: You have a pair of small horns on your
                  | head. [demonic ancestry]
   159 | D        | Reached XP level 6. HP: 34/53 MP: 6/6
   169 | D        | Reached skill level 9 in Polearms
   177 | D        | Killed a hornet
   178 | D        | Gained mutation: You regenerate magic rapidly. [demonic
                  | ancestry]
   178 | D        | Reached XP level 7. HP: 25/61 MP: 7/7
   180 | D        | Reached skill level 10 in Polearms
   308 | D        | Noticed a tengu conjurer
   308 | D        | Noticed a gargoyle
   308 | D        | Noticed a cyan ugly thing
   308 | D        | Noticed a catoblepas
   308 | D        | Noticed a kobold demonologist
   328 | D        | HP: 3/62 [catoblepas/blast of calcifying dust (2)]
   329 | D        | Slain by a catoblepas

Illustrated notes

Levels and vault maps discovered:
D:        linesprint [early_d, line_temple, items_1, d_10, items_2, lair_1,
          lair_end, items_3, orc_1, orc_end, items_4, d_15, swamp_1, shoals_1,
          snake_1, spider_1, d_20, vaults_1, items_5, swamp_end, shoals_end,
          snake_end, spider_end, vaults_end, d_27, items_6, zot_1, zot_end,
          crypt_end, forest_end, elf_end, slime_end, tomb_end, abyss_end,
          pan_hell_end]

Skill      XL: |  1  2  3  4  5  6  7 |
---------------+----------------------+-----
Polearms       | 3 6 8 9 10 | 10.1
Armour         | 3 4 6 7 |  7.3
Shields        | 3 4 |  4.0
Fighting       | 4 5 6 7 8 |  8.1
Dodging        | 2 4 |  4.9

Action                   |  1- 3 |  4- 6 |  7- 9 || total
-------------------------+-------+-------+-------++-------
Melee: Trident           |    24 |    25 |     6 ||    55
       Headbutt          |       |     3 |     1 ||     4
       Tailslap          |       |     2 |     2 ||     4
  Use: Potion            |     1 |       |     1 ||     2
Armor: Scale mail        |     8 |       |       ||     8
       Plate armour      |       |     5 |     5 ||    10
Dodge: Dodged            |    11 |     8 |     3 ||    22
Block: Buckler           |     6 |     9 |       ||    15

Table legend: (Time is in decaauts)
 A = Elapsed time spent in this place.
 B = Non-inter-level travel time spent in this place.
 C = Inter-level travel time spent in this place.
 D = Time resting spent in this place.
 E = Time spent auto-exploring this place.
 F = Levels seen in this place.
 G = Mean time per level.
                   A        B        C        D        E       F      G
               +--------+--------+--------+--------+--------+-----+--------+
         Total |    339 |    339 |      0 |    161 |      0 |   1 |  339.0 |
       Dungeon |    339 |    339 |      0 |    161 |      0 |   1 |  339.0 |
               +--------+--------+--------+--------+--------+-----+--------+

Top non-repeatable levels by time:
       D: 339 daAuts
